 Dungeon Crawl Stone Soup version 0.30-a0-672-gc3a7216ad8 (webtiles) character file.

Game seed: 4482664700585821475

557 Mitcholas the Chopper (level 7, -2/41 HPs)
             Began as a Gargoyle Fighter on Jan 18, 2023.
             Slain by Duvessa
             ... wielding a +0 short sword
              (6 damage)
             ... on level 4 of the Dungeon.
             The game lasted 00:08:32 (3404 turns).

Mitcholas the Chopper (Gargoyle Fighter)            Turns: 3404, Time: 00:08:32

Health: -2/41      AC: 15    Str: 21    XL:     7   Next: 30%
Magic:  7/7        EV: 14    Int:  9    God:
Gold:   246        SH:  4    Dex:  9    Spells: 6/6 levels left

rFire   . . .      SeeInvis .    a - +0 war axe
rCold   . . .      Faith    .    c - +0 buckler
rNeg    + . .      Spirit   .    b - +0 scale mail
rPois   ∞          Reflect  .    (no helmet)
rElec   +          Harm     .    w - +2 cloak
rCorr   +          Rampage  .    (no gloves)
Will    .....                    p - +0 pair of boots Stlth
                                 h - amulet of magic regeneration
HPRegen 0.26/turn                f - ring of resist corrosion
MPRegen 0.50/turn                y - +5 ring of evasion

@: no status effects
A: sickness immunity, AC +4, negative energy resistance 1, electricity
resistance, torment resistance 1, petrification resistance
a: no special abilities


You were on level 4 of the Dungeon.
You visited 1 branch of the dungeon, and saw 4 of its levels.

You collected 246 gold pieces.

Inventory:

Hand Weapons
 a - a +0 war axe (weapon)
Armour
 b - a +0 scale mail (worn)
 c - a +0 buckler (worn)
 p - a +0 pair of boots (worn)
 w - a +2 cloak (worn)
Jewellery
 f - a ring of resist corrosion (left hand)
 h - an amulet of magic regeneration (around neck)
 y - a +5 ring of evasion (right hand)
Wands
 s - a wand of digging (5)
Scrolls
 e - a scroll of enchant weapon {unknown}
 i - 2 scrolls of butterflies {unknown}
 k - 2 scrolls of fear {unknown}
 o - 2 scrolls of vulnerability {unknown}
 r - 2 scrolls of fog {unknown}
 x - a scroll of brand weapon {unknown}
Potions
 d - 3 potions of might
 g - 3 potions of curing
 j - 2 potions of mutation {unknown}
 l - 2 potions of degeneration {unknown}
 m - 3 potions of heal wounds {unknown}
 n - 3 potions of flight {unknown}
 t - a potion of lignification {unknown}
 u - a potion of brilliance {unknown}
 v - a potion of cancellation {unknown}


   Skills:
 - Level 3.2 Fighting
 + Level 7.1 Axes
 - Level 3.2 Armour
 - Level 3.2 Shields


You had 6 spell levels left.
You didn't know any spells.
Your spell library was empty.

Dungeon Overview and Level Annotations

Branches:
Dungeon (4/15)
 Temple: D:4-7

Altars:
Yredelemnul

Shops:
D:2 =

Annotations:
D:4 Duvessa


Innate Abilities, Weirdness & Mutations

You are immune to sickness and miasma.
Your stone body is resilient. (AC +4)
You are immune to poison.
You resist negative energy. (rN+)
You are resistant to electric shocks. (rElec)
You are resistant to unholy torment.
You are immune to petrification.


Message History

Aim: Duvessa, wielding a +0 short sword, wearing a +0 leather armour and quivering stones (lightly wounded, berserk, poisoned, 58% to hit)
You throw a poisoned dart. The poisoned dart hits Duvessa.
Duvessa looks even sicker.
Duvessa is lightly wounded.
Throw: dart (poison)
Press: ? - help, Q - select action Shift-Dir - straight line, f/p - Duvessa
Aim: Duvessa, wielding a +0 short sword, wearing a +0 leather armour and quivering stones (lightly wounded, berserk, very poisoned, 58% to hit)
You throw a poisoned dart.
The poisoned dart barely misses Duvessa.
You block Duvessa's attack.
You hit Duvessa but do no damage.
Duvessa is lightly wounded.
Duvessa hits you with a +0 short sword! Duvessa hits you but does no damage.
You slash Duvessa!
Duvessa is moderately wounded.
Duvessa barely misses you. Duvessa hits you with a +0 short sword.
You barely miss Duvessa.
Duvessa is moderately wounded.
Duvessa hits you with a +0 short sword! Duvessa hits you but does no damage.
You hit Duvessa but do no damage.
Duvessa is heavily wounded.
Duvessa hits you with a +0 short sword!
* * * LOW HITPOINT WARNING * * *
Duvessa closely misses you.
You hit Duvessa but do no damage.
Duvessa is heavily wounded.
Duvessa hits you with a +0 short sword.
* * * LOW HITPOINT WARNING * * *
You hit Duvessa but do no damage.
Duvessa is heavily wounded.
Duvessa hits you but does no damage. You block Duvessa's attack.
You hit Duvessa but do no damage.
Duvessa is heavily wounded.
Duvessa hits you with a +0 short sword.
* * * LOW HITPOINT WARNING * * *
Duvessa hits you but does no damage.
You slash Duvessa!
Duvessa is severely wounded.
Duvessa looks more healthy.
Duvessa hits you with a +0 short sword.
You die...

........##.....#....#
.....(((..#....#.#.##
...........#..#...##
...........###...##
..........###.)..#
............#....##
........#.........#
#.......#..e..##..#
#...........@.....#
.................##
##.........#....###
#........#####.#.#
####..#.....# #####
##....#.....###
.....##.......##
............#..#
...#.#........##


You could see Duvessa (berserk).

Vanquished Creatures
  An ogre (D:4)
  A bullfrog (D:4)
  Dowan (D:4)
  Crazy Yiuf (D:3)
  A gnoll bouda (D:4)
  Natasha (thrice) (D:3)
  9 adders
  3 gnolls (D:4)
  3 worms
  4 dart slugs (D:1)
  12 orcs
  4 bats
  9 endoplasms
  3 giant cockroaches
  8 goblins
  5 hobgoblins
  4 jackals (D:4)
  5 kobolds
  3 quokkas
  7 ball pythons
  4 frilled lizards
  6 rats
97 creatures vanquished.

Vanquished Creatures (others)
  3 fungi
  8 plants (D:4)
  4 toadstools (D:4)
15 creatures vanquished.

Grand Total: 112 creatures vanquished

Notes
Turn   | Place    | Note
-------+----------+-------------------------------------------
     0 | D:1      | Mitcholas the Gargoyle Fighter began the quest for the Orb.
     0 | D:1      | Reached XP level 1. HP: 14/14 MP: 1/1
    57 | D:1      | Reached skill level 2 in Axes
   139 | D:1      | Reached XP level 2. HP: 19/19 MP: 2/2
   393 | D:1      | Reached skill level 3 in Axes
   422 | D:1      | Reached XP level 3. HP: 22/23 MP: 3/3
  1158 | D:2      | Identified the +0 chain mail of Snakes and Ladders {Int+2}
  1274 | D:2      | Found Woblog's Jewellery Boutique.
  1466 | D:2      | Found a faded altar of an unknown god.
  1539 | D:2      | Reached XP level 4. HP: 27/28 MP: 4/4
  1665 | D:3      | Reached skill level 4 in Axes
  1843 | D:3      | Noticed Natasha
  1855 | D:3      | Killed Natasha
  1856 | D:3      | Reached XP level 5. HP: 15/32 MP: 5/5
  2189 | D:3      | Noticed Natasha
  2202 | D:3      | Killed Natasha
  2203 | D:3      | Reached skill level 5 in Axes
  2457 | D:3      | Noticed Natasha
  2470 | D:3      | Killed Natasha
  2569 | D:3      | Reached XP level 6. HP: 37/37 MP: 6/6
  2641 | D:3      | Found a runed translucent door.
  2642 | D:3      | Noticed Crazy Yiuf
  2858 | D:3      | Killed Crazy Yiuf
  3061 | D:4      | Found a basalt altar of Yredelemnul.
  3090 | D:4      | Reached skill level 6 in Axes
  3147 | D:4      | Reached XP level 7. HP: 39/41 MP: 7/7
  3290 | D:4      | Reached skill level 7 in Axes
  3294 | D:4      | Noticed Dowan
  3359 | D:4      | Killed Dowan
  3391 | D:4      | Noticed Duvessa
  3404 | D:4      | Slain by Duvessa

Illustrated notes

Levels and vault maps discovered:
D:1:      shiori_arrival_oz, layout_loops_corners, minmay_tromino_v4_b
D:2:      layout_basic, serial_shops, shop, dilly_ecumenical_altar_fadedgnrine
D:3:      layout_loops_ring, nicolae_half_adder, uniq_crazy_yiuf_cottage,
          uniq_natasha
D:4:      layout_cave_pools, lemuel_tele_altar, minmay_temple_entry_mini_moons,
          minmay_misc_feat_chi, minmay_gold_behind_fungi, nicolae_grassy_gnolls,
          uniq_duvessa, uniq_ijyb

Skill      XL: |  1  2  3  4  5  6  7 |
---------------+----------------------+-----
Axes           | 2 3 4 5 6 7 |  7.1
Fighting       | |  3.2
Armour         | |  3.2
Shields        | |  3.2

Action                   |  1- 3 |  4- 6 |  7- 9 || total
-------------------------+-------+-------+-------++-------
Melee: War axe           |   116 |   149 |    82 ||   347
Throw: Dart              |       |     9 |     7 ||    16
Armor: Scale mail        |    73 |    80 |    33 ||   186
Dodge: Dodged            |    60 |    52 |    58 ||   170
Block: Buckler           |    21 |    32 |    17 ||    70

Table legend: (Time is in decaauts)
 A = Elapsed time spent in this place.
 B = Non-inter-level travel time spent in this place.
 C = Inter-level travel time spent in this place.
 D = Time resting spent in this place.
 E = Time spent auto-exploring this place.
 F = Levels seen in this place.
 G = Mean time per level.
                   A        B        C        D        E       F      G
               +--------+--------+--------+--------+--------+-----+--------+
         Total |   3509 |   3397 |    112 |    326 |   2268 |   4 |  877.2 |
       Dungeon |   3509 |   3397 |    112 |    326 |   2268 |   4 |  877.2 |
               +--------+--------+--------+--------+--------+-----+--------+

Top non-repeatable levels by time:
     D:3: 1443 daAuts
     D:1: 1122 daAuts
     D:2: 568 daAuts
     D:4: 375 daAuts
